badnik, neutral male scurrid Ranger ------------------------- |.......................| |........*..............| -----......}}}}.............--------- ---- ....}}}..}}}}}}.....).x..}}B}.i....(. }}}| ..}}.}}}}....}}..l}}}..}/..}}}}}} }...}}}| }......).....}}}}}.}}}.......} ..........}}| .......h..?>.}}.a..l....u. }..%........ -..+............f.f.....- ..}}}}.......- |..............a.a..e...| ...<}}}.}........| ----- ---..!.....}}}}...d}}..dl.--------- ..}}..}}}.......=....--------- |}}}. `.......}}}.....a...}}}......}}}........}?}}}}.......}}}.........}| |}}}}........}}}.....QQ..QZ..}...}}..}}}}}}....}}.}.....}}}...}}}*...}}}| |}}}}}}}}..}}}.}}}}}}..Z......}}}......}}}}}"........}}}}........}}}}}}}| |}}}}}}..}}}...}....}}}'..}}}}.(..........}}}}}..}}}}.}}}}}........}}}}}| ---------..........&...}}}......--------- --------- |.......@...M...........| |........Z[Q............| ------------------------- badnik the Tenderfoot Experience level: 1 Strength: 16 Dexterity: 10 Constitution: 13 Intelligence: 13 Wisdom: 13 Charisma: 12 Health: 0(14) Energy: 2(2) Def: 3 Gold: 16 Moves: 85 Dungeon seed: 43XJ2cHsXWFTbOWV Game ID: badnik_1498610981 Your Inventory: Coins $ - 16 gold pieces Weapons b - 31 uncursed +2 darts c - 18 uncursed +0 darts Armor e - an uncursed +2 cloak of displacement (being worn) Comestibles d - 4 uncursed chestnuts Scrolls g - an uncursed scroll of scare monster Potions h - an uncursed potion of fruit juice Wands f - an uncursed wand of slow monster (0:3) Spells and supernatural/magical abilities: Name Level Category Fail Memory W - pray for help -- divine ? -- Your skills at the end: Miscellaneous Skills wands [Basic] Weapon Skills dart [Basic] Spellcasting Skills Final Attributes: You were devoutly aligned. You had automatic searching. You had infravision. You were displaced. You were very stealthy. You are dead. Voluntary challenges: You went without food. You did not adorn yourself with jewelry or accessories. You did not cause conflict. You were not invisible. You did not have reflection. You were an atheist. You never hit with a wielded weapon. You were a pacifist. You did not use tools. You did not use plumbed fixtures. You did not drink any magical draughts. You were illiterate. You never genocided any monsters. You never polymorphed an object. You never changed form. You used no wishes. You never split a pudding. You never wrote Elbereth's name. You never violated your personal moral code. Dungeon overview: The Dungeons of Doom: levels 1 to 14 Level 1 a long staircase Level 2 Level 3 Level 4 Level 5 a scroll shop Level 6 Level 7 Level 8 Level 9 a fountain Level 10 Level 11 Level 12 a temple to Venus Level 13 Level 14 <- You were here History has recorded: On T:1 you entered the Dungeons of Doom to retrieve the Amulet of Yendor! On T:12 you reached level 2 of The Dungeons of Doom. On T:16 you reached level 3 of The Dungeons of Doom. On T:22 you reached level 4 of The Dungeons of Doom. On T:26 you reached level 5 of The Dungeons of Doom. On T:29 you reached level 6 of The Dungeons of Doom. On T:40 you reached level 7 of The Dungeons of Doom. On T:45 you reached level 8 of The Dungeons of Doom. On T:51 you reached level 9 of The Dungeons of Doom. On T:56 you reached level 10 of The Dungeons of Doom. On T:71 you reached level 12 of The Dungeons of Doom. On T:76 you reached level 13 of The Dungeons of Doom. On T:82 you reached level 14 of The Dungeons of Doom. Score breakdown: Gold: 16 ( 1 points) Experience: 1 level ( 0 points) Exploration: 14 levels ( 390 points) Discoveries: 2 items ( 100 points) Variety of kills: 0 monsters ( 0 points) Major goal: (nothing yet) ( 0 points) Survival: died (score multiplied by 3) Total score: 1473 Latest messages: You continue digging downward. You dig a pit in the floor. That command is only available in debug mode. You are still in a pit. You crawl to the edge of the pit. You go down into the pit. You continue digging downward. You dig a hole through the floor. You fall through... You start digging downward. You continue digging downward. You dig a pit in the floor. You are still in a pit. You continue digging downward. You dig a hole through the floor. You fall through... The vampire bat misses the jitterbug. (2x) You start digging downward. h - an emerald potion. The Green-elf picks up 2 potions. You stop exploring. (2x) The ettin zombie scratches you! You die... Final status: Goodbye badnik the Ranger, killed by an ettin zombie... You died in The Dungeons of Doom on dungeon level 14 with 1473 points, and 16 pieces of gold, after 85 moves. You were level 1 with a maximum of 14 hit points when you died.